 Dungeon Crawl Stone Soup version 0.31.0-11-ge490571c62 (webtiles) character file.

Game seed: 5600527725027867410

5698 wilfster70 the Cleaver (level 10, 0/63 HPs)
             Began as a Gargoyle Fighter on Jan 27, 2024.
             Was an Initiate of Gozag.
             Slain by a basilisk (3 damage)
             ... on level 8 of the Dungeon.
             The game lasted 00:17:56 (8289 turns).

wilfster70 the Cleaver (Gargoyle Fighter)           Turns: 8289, Time: 00:17:57

Health: 0/63       AC: 29    Str: 26    XL:     10   Next: 76%
Magic:  10/10      EV:  8    Int: 13    God:    Gozag
Gold:   934        SH:  9    Dex:  9    Spells: 9/9 levels left

rFire   . . .        a - +4 war axe
rCold   . . .        n - +0 kite shield {rPois}
rNeg    + . .        w - +0 plate armour
rPois   ∞            v - +2 helmet {SInv}
rElec   +            e - +2 cloak
rCorr   .            s - +0 pair of gloves
SInv    +            c - +2 pair of boots
Will    .....        (no amulet) Stlth
                     o - +5 ring of evasion
HPRegen 0.30/turn    x - +6 ring of strength
MPRegen 0.12/turn

%: no passive effects
@: mighty, slowed, constricted, studying Dodging, very slow
A: sickness immunity, AC +7, negative energy resistance 1, electricity
resistance, torment resistance 1, petrification resistance
a: Renounce Religion, Potion Petition, Call Merchant, Bribe Branch


You were on level 8 of the Dungeon.
You worshipped Gozag.
Gozag was pleased with you.
You visited 1 branch of the dungeon, and saw 8 of its levels.

You collected 1188 gold pieces.
You spent 150 gold pieces at shops.
You paid 104 gold pieces to Gozag.

Inventory:

Hand Weapons
 a - a +4 war axe (weapon)
 b - the +7 trident "Lun Koes" {freeze, rElec rN+ rCorr Int+2}
   (You found it on level 4 of the Dungeon)

   Int+2:     It affects your intelligence (+2).
   rElec:     It insulates you from electricity.
   rN+:       It protects you from negative energy.
   rCorr:     It protects you from acid and corrosion.
Armour
 c - a +2 pair of boots (worn)
 e - a +2 cloak (worn)
 n - a +0 kite shield of poison resistance (worn)
 s - a +0 pair of gloves (worn)
 v - a +2 helmet of see invisible (worn)
 w - a +0 plate armour (worn)
Jewellery
 i - a ring of ice
 o - a +5 ring of evasion (left hand)
 x - a +6 ring of strength (right hand)
Wands
 q - a wand of roots (8)
Scrolls
 g - 2 scrolls of fog
 h - 2 scrolls of teleportation
 t - 2 scrolls of fear
Potions
 d - a potion of might
 f - 3 potions of resistance
 k - 5 potions of curing
 l - a potion of invisibility
 m - 2 potions of brilliance
 p - a potion of lignification
 u - a potion of enlightenment
 y - a potion of ambrosia


   Skills:
 - Level 7.1 Fighting
 - Level 12.1 Axes
 - Level 3.2 Armour
 + Level 8.0 Shields


You had 9 spell levels left.
You didn't know any spells.
Your spell library contained the following spells:

 Spells                   Type           Power      Damage    Failure   Level
 Call Imp                 Summ           0%         N/A       100%        2
 Stone Arrow              Conj/Erth      0%         3d7       100%        3
 Animate Armour           Summ/Erth      0%         N/A       100%        4
 Olgreb's Toxic Radiance  Alch           0%         N/A       100%        4
 Ozocubu's Refrigeration  Ice            0%         4d7       100%        7
 Summon Hydra             Summ           0%         N/A       100%        7
 Discord                  Hex            0%         N/A       100%        8
 Lehudib's Crystal Spear  Conj/Erth      0%         10d2      100%        8
 Sublimation of Blood     Necr           Unusable   N/A       N/A         2

Dungeon Overview and Level Annotations

Branches:
Dungeon (8/15)             Temple (0/1) D:5
   Lair: D:8-11

Altars:
Gozag
Qazlal
Uskayaw

Shops:
D:3 (   D:5 **   D:6 ?

Annotations:
D:4 2 transporters, Nattefrost's ghost, amateur MfMo
D:7 3 runed translucent doors
D:8 Erica


Innate Abilities, Weirdness & Mutations

You are immune to sickness and miasma.
Your stone body is resilient. (AC +7)
You are immune to poison.
You resist negative energy. (rN+)
You are resistant to electric shocks. (rElec)
You are resistant to unholy torment.
You are immune to petrification.


Message History

You miss Erica.
Erica is moderately wounded.
You hit the basilisk.
Erica writhes her tentacles angrily.
Erica stares at you and mumbles some strange words.
You resist with significant effort. Erica constricts you.
The basilisk bites you but does no damage.
The basilisk bites you!
Erica hits you with a +3 scimitar of flaming!
* * * LOW HITPOINT WARNING * * *
Erica burns you.
* * * LOW HITPOINT WARNING * * *
Erica constricts you. The wyvern bites you!
* * * LOW HITPOINT WARNING * * *
You feel much better. You block the wyvern's attack. Erica barely misses you.
Erica constricts you. The basilisk gazes at you.
You are unaffected.
You block the wyvern's attack.
You feel very mighty all of a sudden. You block the wyvern's attack.
You block Erica's attack. Erica constricts you. The basilisk gazes at you.
You resist with some effort.
The wyvern bites you but does no damage.
You block the basilisk's attack. Erica hits you but does no damage.
Erica constricts you.
* * * LOW HITPOINT WARNING * * *
You feel much better. The wyvern bites you. The wyvern bites you!
The basilisk bites you!
* * * LOW HITPOINT WARNING * * *
Erica closely misses you. Erica constricts you.
You closely miss Erica.
Erica is moderately wounded.
You slash the wyvern! You miss the basilisk. The wyvern bites you!
* * * LOW HITPOINT WARNING * * *
Erica casts a spell at you. You resist with significant effort.
Erica constricts you.
* * * LOW HITPOINT WARNING * * *
The basilisk bites you.
You die...
Your body crumbles into a pile of gold.

.## #######..#
#........## #..).......
.#.# #.......# ..#.#
#.......# #.#..
#.......# #..#.
###..~....### #....
#.@..~~.....# #.###
#kxl........###....
.........~..........
......................
#...###.............###
#.... #..~~.........#
.... #..........).##
..P. #............#
.............#


You could see Erica, a basilisk and a wyvern.

Vanquished Creatures
  Jeremiah (D:6)
  Grinder (D:5)
  A shadow (D:6)
  A yak (D:6)
  A wyvern (D:8)
  A steam dragon (D:7)
  A vampire mosquito (D:7)
  An acid dragon (D:8)
  3 water moccasins (D:6)
  An orc warrior (D:6)
  3 ice beasts
  5 black bears
  4 sky beasts
  3 ogres
  3 centaurs
  2 phantoms
  2 gnoll sergeants
  3 bullfrogs
  8 scorpions
  5 killer bees (D:7)
  3 howler monkeys
  A bombardier beetle (D:6)
  7 hounds
  2 jellies
  3 gnoll boudas
  5 sleepcaps
  3 iguanas
  2 orc wizards (D:7)
  9 adders
  21 gnolls
  A shadow imp (D:6)
  2 white imps
  2 dart slugs
  A ribbon worm (D:5)
  30 orcs
  7 bats
  6 endoplasms
  14 giant cockroaches
  9 goblins
  10 hobgoblins
  4 jackals
  4 quokkas
  11 ball pythons
  3 frilled lizards
  5 kobolds
  12 rats
227 creatures vanquished.

Vanquished Creatures (others)
  A black bear (D:6)
1 creature vanquished.

Grand Total: 228 creatures vanquished

Notes
Turn   | Place    | Note
-------+----------+-------------------------------------------
     0 | D:1      | wilfster70 the Gargoyle Fighter began the quest for the
                  | Orb.
     0 | D:1      | Reached XP level 1. HP: 14/14 MP: 1/1
    32 | D:1      | Reached skill level 2 in Axes
    36 | D:1      | Reached XP level 2. HP: 18/19 MP: 2/2
   306 | D:1      | Reached XP level 3. HP: 24/24 MP: 3/3
   747 | D:2      | Reached skill level 3 in Axes
   958 | D:2      | Reached XP level 4. HP: 28/29 MP: 4/4
  1429 | D:2      | Reached XP level 5. HP: 20/34 MP: 5/5
  1687 | D:2      | Reached skill level 4 in Axes
  2179 | D:3      | Found a faded altar of an unknown god.
  2235 | D:3      | Found Obunafeu's Antique Weapon Emporium.
  2675 | D:4      | Reached XP level 6. HP: 35/40 MP: 6/6
  2681 | D:4      | Reached skill level 5 in Fighting
  2700 | D:4      | Reached skill level 5 in Axes
  3005 | D:4      | Found a transporter.
  3007 | D:4      | Noticed Nattefrost's ghost (amateur MfMo)
  3008 | D:4      | Identified the +2 great mace of Ereohim {flame, rC+}
  3016 | D:4      | Found a transporter.
  3286 | D:4      | Reached XP level 7. HP: 13/44 MP: 7/7
  3524 | D:4      | Reached skill level 6 in Axes
  3637 | D:4      | Identified the +7 trident "Lun Koes" {freeze, rElec rN+
                  | rCorr Int+2}
  3925 | D:5      | Entered Level 5 of the Dungeon
  4012 | D:5      | Found Ruhaijao's Assorted Antiques.
  4037 | D:5      | Reached XP level 8. HP: 35/52 MP: 8/8
  4258 | D:5      | Found an opulent altar of Gozag.
  4266 | D:5      | Became a worshipper of Gozag Ym Sagoz the Greedy
  4365 | D:5      | Reached skill level 7 in Axes
  4411 | D:5      | Found a staircase to the Ecumenical Temple.
  4433 | D:5      | Noticed Grinder
  4460 | D:5      | Killed Grinder
  4607 | D:5      | Found Heischow's General Store.
  4731 | D:5      | Reached skill level 8 in Axes
  4864 | D:5      | Found a hide-covered altar of Uskayaw.
  4895 | D:5      | Found a stormy altar of Qazlal.
  5186 | D:5      | Bought a runed helmet for 150 gold pieces
  5286 | D:6      | Reached XP level 9. HP: 51/57 MP: 9/9
  5301 | D:6      | Reached skill level 9 in Axes
  5455 | D:6      | Reached skill level 10 in Axes
  5590 | D:6      | Reached skill level 11 in Axes
  5749 | D:6      | Reached XP level 10. HP: 42/63 MP: 10/10
  6201 | D:6      | Found Ufad's Magic Scroll Shop.
  6244 | D:6      | Reached skill level 12 in Axes
  6426 | D:6      | Noticed Jeremiah
  6671 | D:6      | Killed Jeremiah
  7284 | D:7      | Reached skill level 5 in Shields
  7766 | D:7      | Found a runed translucent door.
  7766 | D:7      | Noticed a gargoyle
  7767 | D:7      | Found a runed translucent door.
  7767 | D:7      | Noticed a cyclops
  7768 | D:7      | Found a runed translucent door.
  7768 | D:7      | Noticed a green ugly thing
  8270 | D:8      | Noticed Erica
  8285 | D:8      | HP: 3/63 [wyvern (13)]
  8289 | D:8      | Slain by a basilisk

Illustrated notes

Levels and vault maps discovered:
D:1:      minmay_arrival_four_houses, layout_basic, minmay_split_cup_small
D:2:      layout_basic, minmay_crystal_room, nicolae_figureground_sparkle
D:3:      minmay_roachtagon, layout_basic,
          chequers_ecumenical_altar_simple_redux, serial_shops, shop
D:4:      layout_basic, gammafunk_ghost_smash, st_stairs_5
D:5:      layout_basic, mainiacjoe_overflow_two_lobes,
          lemuel_coloured_pillars_altar, minmay_temple_entry_mist, serial_shops,
          nicolae_shop_pleasant_corner_grove, nicolae_inconvenience_store,
          gup_sewer_entry_bubbles, serial_glass, glass_columns_c,
          glass_columns_a, due_unseen_surprise, feat_on_display,
          item_on_display_a, uniq_grinder
D:6:      cheibrodos_fzero, layout_loops_corners, serial_shops, shop,
          minmay_manual_maat, uniq_jeremiah
D:7:      minmay_the_grid_triangle_9x9_rhombus_full
          [minmay_the_grid_triangle_9x9_semitri,
          minmay_the_grid_triangle_9x9_alien,
          minmay_the_grid_triangle_9x9_intruding_spiral,
          minmay_the_grid_triangle_9x9_impossible_snake,
          minmay_the_grid_triangle_9x9_cache,
          minmay_the_grid_triangle_9x9_fully_insulated_deathbox,
          minmay_the_grid_triangle_9x9_corrupted_corridor,
          minmay_the_grid_triangle_9x9_prize_insulated], layout_cave_pools,
          minmay_misc_feat_enclosed
D:8:      layout_basic, david_lair_generic, uniq_erica

Skill      XL: |  1  2  3  4  5  6  7  8  9 10 |
---------------+-------------------------------+-----
Axes           | 2 3 4 5 6 8 11 12 | 12.1
Fighting       | 4 5 6 7 |  7.1
Shields        | 8 |  8.0
Armour         | |  3.2

Action                     |  1- 3 |  4- 6 |  7- 9 | 10-12 || total
---------------------------+-------+-------+-------+-------++-------
  Melee: War axe           |   120 |   255 |   318 |   246 ||   939
    Use: Scroll            |     2 |     3 |     8 |     3 ||    16
         Potion            |       |       |       |     3 ||     3
   Stab: Distracted        |       |       |     3 |       ||     3
 Armour: Scale mail        |    26 |       |       |       ||    26
         Chain mail        |    82 |   205 |   189 |       ||   476
         Plate armour      |       |       |       |   199 ||   199
  Dodge: Dodged            |    60 |   135 |   164 |   102 ||   461
  Block: Buckler           |    26 |    19 |       |       ||    45
         Kite shield       |       |   108 |   142 |   152 ||   402
